Unix NetHack Version 3.7.0-66 Work-in-progress - last build Dec 26 2022 05:50:31 (55254d10815e23f0e7c0ebc937178fe17f3ffff8,branch:master). Game began 2022-12-16 11:38:44, ended 2023-02-03 19:48:15. HarmathZsolt, neutral male human Valkyrie ---- ------------ |..| #-..........| |...#######---------- ---------- #|..........| ---- #|........| #####.........| ######|......@...| #|.....d...#### |.........## |..........| #|........| |........| -|---------- #..........########|........| ####### #-|-.------ #.........| ## ## ### ## #|........|#################)### # # # ##----------# ----|--.- ---------- ##### ##############`############## |.......| |........| # #------.----- ## |.......| |........-#### #|..........-## |.......| |........| #|..........| ####################........| |........-##########|........>.| #### |.......| ---------- |..........| --------- ------------ HarmathZsolt the Swashbuckler St:25 Dx:17 Co:18 In:17 Wi:18 Ch:14 Neutral S:1322417 Dlvl:1 $:0 HP:180(180) Pw:52(52) AC:-22 Xp:20/5234077 T:98359 Satiated Latest messages: (For instructions type a '?') Where do you want to travel to? (For instructions type a '?') You climb up the stairs. Where do you want to travel to? (For instructions type a '?') You climb up the stairs. Where do you want to travel to? (For instructions type a '?') You climb up the stairs. Where do you want to travel to? (For instructions type a '?') You climb up the stairs. Where do you want to travel to? (For instructions type a '?') You kill the bugbear! You see here a bugbear corpse. There is a bugbear corpse here; eat it? [ynq] (n) y This bugbear corpse is stringy. You finish eating the bugbear corpse. Where do you want to travel to? (For instructions type a '?') You climb up the stairs. Where do you want to travel to? (For instructions type a '?') Where do you want to be teleported? (For instructions type a '?') Can't find dungeon feature '_'. You materialize in a different location! You climb up the stairs. Where do you want to travel to? (For instructions type a '?') You climb up the stairs. Where do you want to travel to? (For instructions type a '?') Where do you want to travel to? (For instructions type a '?') Where do you want to be teleported? (For instructions type a '?') You materialize in a different location! You climb up the stairs. Where do you want to travel to? (For instructions type a '?') Beware, there will be no return! Still climb? [yn] (n) y Do you want your possessions identified? [ynq] (y) y Do you want to see your attributes? [ynq] (y) y Do you want an account of creatures vanquished? [ynaq] (y) y Do you want a list of species genocided and extinct? [ynq] (y) y Do you want to see your conduct and achievements? [ynq] (y) y Do you want to see the dungeon overview? [ynq] (y) y Inventory: Amulets N - an uncursed amulet of life saving (being worn) Weapons b - the blessed rustproof +4 Vorpal Blade (weapon in hand) g - the blessed +0 Werebane (alternate weapon; not wielded) Armor D - a cursed +0 dwarvish iron helm named identified (being worn) E - an uncursed greased rustproof +1 pair of gauntlets of power named fireproof (being worn) F - a cursed greased thoroughly burnt +0 pair of water walking boots (being worn) G - an uncursed greased +0 shield of reflection (being worn) C - a blessed fireproof +1 cloak of protection (being worn) B - a blessed +1 gray dragon scale mail (being worn) Comestibles R - an uncursed pancake J - an uncursed lizard corpse Scrolls l - an uncursed scroll of fire Wands y - a wand of cold (0:6) k - a wand of death (0:2) h - a wand of fire (0:4) Tools x - a blessed greased bag of holding containing 92 items d - an uncursed oilskin sack containing 2 items X - an uncursed tooled horn v - the Bell of Opening (0:3) p - the uncursed Candelabrum of Invocation (0 of 7 candles attached) L - an uncursed magic lamp (lit) T - an uncursed magic whistle o - the blessed Orb of Fate (0:5) m - an uncursed skeleton key n - an uncursed stethoscope e - a blessed tin opener s - an uncursed towel u - a blessed +0 unicorn horn Contents of the oilskin sack: a blessed scroll of remove curse a wand of cancellation (0:4) Contents of the bag of holding: 1043 gold pieces an uncursed amulet of flying an uncursed amulet of life saving 2 +0 elven daggers the blessed +0 Sting a blessed +1 bullwhip the rustproof +0 Cleaver the +1 Demonbane the blessed rustproof +1 Fire Brand the blessed rustproof +0 Mjollnir the blessed rustproof +0 Sunsword a blessed greased +0 mummy wrapping a blessed +1 oilskin cloak 11 uncursed C-rations an uncursed K-ration an uncursed sprig of wolfsbane a blessed tin of floating eye meat an uncursed lizard corpse 2 uncursed scrolls of blank paper a blessed scroll of charging an uncursed scroll of charging 3 cursed scrolls of destroy armor an uncursed scroll of earth 3 uncursed scrolls of enchant armor an uncursed scroll of fire a blessed scroll of genocide an uncursed scroll of gold detection a blessed scroll of remove curse a blessed scroll of remove curse a blessed scroll of scare monster 2 uncursed scrolls of scare monster an uncursed scroll of scare monster an uncursed scroll of scare monster an uncursed scroll of teleportation an uncursed potion of confusion an uncursed potion of fruit juice an uncursed potion of gain level an uncursed potion of healing a cursed potion of object detection an uncursed potion of see invisible an uncursed potion of water an uncursed ring of conflict an uncursed ring of polymorph an uncursed ring of regeneration an uncursed ring of searching a wand of create monster (0:13) a wand of digging (0:7) a wand of digging (0:4) a wand of enlightenment (0:13) a wand of magic missile (0:6) a wand of make invisible (0:3) a wand of polymorph (0:4) a wand of probing (0:6) a wand of secret door detection (0:12) a wand of sleep (0:0) a wand of slow monster (0:3) a wand of speed monster (0:4) a wand of speed monster (0:3) a wand of striking (0:0) a wand of undead turning (0:5) a wand of wishing (0:3) a can of grease (0:1) an uncursed figurine of a salamander an uncursed leash a magic marker (0:83) a blessed rustproof +0 pick-axe 7 uncursed tallow candles a blessed tinning kit (0:88) a +0 unicorn horn 14 uncursed agate stones 10 uncursed amber stones 3 uncursed amethyst stones 10 uncursed aquamarine stones 15 uncursed black opals 9 uncursed chrysoberyl stones 8 uncursed citrine stones 6 uncursed diamonds 19 uncursed dilithium crystals 27 uncursed emeralds 5 uncursed fluorite stones 12 uncursed garnet stones 8 uncursed jacinth stones 7 uncursed jade stones an uncursed jasper stone 5 uncursed jet stones 11 uncursed obsidian stones 18 uncursed opals 14 uncursed rubies 10 uncursed sapphires 4 uncursed topaz stones 7 uncursed turquoise stones a blessed touchstone HarmathZsolt the Valkyrie's attributes: Background: You were a Swashbuckler, a level 20 male human Valkyrie. You were neutral, on a mission for Odin who was opposed by Tyr (lawful) and Loki (chaotic). You started out female. You were in the Dungeons of Doom, on level 1. You entered the dungeon 98359 turns ago. You had 5234077 experience points, 4765923 more were needed for level 21. Your score was 1322417 before end-of-game adjustments. Basics: You had all 180 hit points. You had all 52 energy points (spell power). Your armor class was -22. Your wallet was empty, but you had 1043 zorkmids stashed away in your pack. Autopickup was off. FinalCharacteristics: Your strength was 25 (base:18/99, peak:18/100, innate limit:18/100). Your dexterity was 17 (peak:18, limit:18). Your constitution was 18 (limit:18). Your intelligence was 17 (limit:18). Your wisdom was 18 (limit:18). Your charisma was 14 (limit:18). Final Status: You were satiated. You were unencumbered. You were wielding a long sword. You were skilled in long sword. Final Attributes: You were the Envoy of Balance. You were piously aligned. You were magic-protected. You were fire resistant. You were cold resistant. You were sleep resistant. You were disintegration resistant. You were shock resistant. You were poison resistant. You saw invisible. You were telepathic. You were warned. You were invisible to others. You were stealthy. You could teleport. You had teleport control. You could walk on water. You had a large defense bonus (+12). You were protected. You took half physical damage. You took half spell damage. You were fast. You had reflection. Your life would have been saved. You were extremely lucky. You had extra luck. Good luck did not time out for you. You survived. Miscellaneous: You encountered 2 bones levels. Total elapsed playing time was 1 day, 9 hours, 9 minutes and 5 seconds. Major events: Turn 1: HarmathZsolt the neutral human Valkyrie entered the dungeon 1477: attained the rank of Skirmisher (level 3) 1488: entered the Gnomish Mines 3436: attained the rank of Fighter (level 6) 4808: reached Mine Town 5179: destroyed dpmdpm's ghost, the former Adept 6237: found Sting carried by a monster 10009: found Demonbane on the floor 10472: made her first wish - "blessed greased +1 gray dragon scale mail", got "a greased gray dragon scale mail" 10494: entered Sokoban 11587: completed 1st Sokoban level 12254: completed 2nd Sokoban level 13466: completed 3rd Sokoban level 13749: was bestowed with Mjollnir by Odin 14616: attained the rank of Woman-at-arms (level 10) 14693: completed 4th Sokoban level 15343: acquired the Sokoban amulet of reflection 16843: destroyed WizzyTheWeird's ghost, the former Thaumaturge 19403: acquired the Mines' End luckstone 23832: was bestowed with Fire Brand by Odin 24693: was bestowed with Werebane by Odin 27787: performed her first genocide (purple worms) 28157: chose an elven broadsword to be named "Orcrist" 31409: killed the Oracle 36607: became Odin's Envoy of Balance 36607: was bestowed with Vorpal Blade 37434: killed Medusa 40520: attained the rank of Warrior (level 14) 42985: found the Orb of Fate on the floor 43138: killed Lord Surtur 43141: acquired the Bell of Opening 47074: wished for "blessed greased fireproof bag of holding", got "a greased bag" 47696: found Sunsword carried by a monster 57716: was bestowed with Cleaver by Odin 58640: entered Gehennom 61756: attained the rank of Swashbuckler (level 18) 72325: wished for "blessed greased fireproof +1 gauntlets of power", got "a greased pair of fencing gloves" 73534: killed Juiblex 73853: bribed Asmodeus with 3111 zorkmids for safe passage 74403: bribed Baalzebub with 2632 zorkmids for safe passage 80100: destroyed Vlad the Impaler 80104: acquired the Candelabrum of Invocation 81331: killed the invisible Orcus 81478: killed Geryon 82195: bribed Dispater with 4923 zorkmids for safe passage 82744: killed the invisible Yeenoghu 91217: genocided class w 91218: genocided class t 98359: escaped Vanquished creatures: Geryon Orcus Yeenoghu Juiblex Vlad the Impaler 4 arch-liches a mastodon Medusa 4 krakens 5 iron golems 4 master liches 9 storm giants 3 glass golems 3 balrogs 2 gray dragons a gold dragon 4 silver dragons a red dragon 4 white dragons 2 orange dragons 5 black dragons 2 blue dragons 3 green dragons 2 yellow dragons 11 minotaurs 5 jabberwocks Lord Surtur 13 baluchitheria an Angel 3 demiliches 5 stone golems 2 master mind flayers 9 Olog-hai a Nazgul 13 pit fiends 5 sandestins 2 hell hounds 5 displacer beasts 10 titanotheres 5 trappers a baby gray dragon a baby gold dragon a baby orange dragon a baby black dragon a guardian naga 5 genetic engineers 3 disenchanters 24 vampire leaders 5 skeletons a shopkeeper the Oracle an aligned cleric 8 captains 6 shades 10 liches 3 clay golems 11 nurses 6 ice devils 4 nalfeshnees 9 lurkers above 5 Aleaxes 5 frost giants 5 ettins 4 golden nagas 6 black puddings 25 vampires 11 lieutenants a watch captain 27 ghosts 9 queen bees 6 winged gargoyles 3 mind flayers 14 giant mimics 11 long worms 9 zruties 78 fire giants 11 ogre tyrants 9 ice trolls 7 rock trolls 8 umber hulks 3 flesh golems 5 elven monarchs 3 doppelgangers 5 hezrous 13 bone devils 14 large mimics 3 wumpuses 3 fire vortices a baby purple worm 4 couatls 18 stalkers 5 air elementals 8 fire elementals 7 earth elementals 3 water elementals 13 hill giants 4 giant mummies 7 black nagas 6 xorns 17 giant zombies 14 elf-nobles 11 sergeants 4 barbed devils 14 vrocks 2 salamanders 9 wargs 4 winter wolves 12 hell hound pups 17 small mimics 4 glass piercers 6 warhorses 4 steam vortices 27 xans 11 ettin mummies 16 ogre leaders 10 quantum mechanics 24 trolls 4 sasquatches 5 wood golems 2 erinyes 3 mariliths 4 sharks 10 gelatinous cubes 2 pyrolisks 4 large dogs 4 freezing spheres 12 flaming spheres 10 shocking spheres 6 large cats 12 tigers 13 gargoyles 3 dwarf rulers 10 tengu 17 ochre jellies 16 leocrottas 4 energy vortices 4 mountain centaurs 14 stone giants 7 elf mummies 11 human mummies 3 red nagas 3 green slimes 2 pythons 5 pit vipers 6 cobras 39 wraiths 4 carnivorous apes 17 ettin zombies 11 leather golems 15 Grey-elves 51 soldiers 3 watchmen 8 amorous demons 7 horned devils 9 chameleons 3 crocodiles 24 giant beetles 9 quivering blobs 13 cockatrices 15 wolves 15 winter wolf cubs 5 lynxes 6 panthers 19 gremlins 8 spotted jellies 25 leprechauns an orc-captain 8 iron piercers 10 mumakil 15 giant spiders 10 scorpions 9 horses 4 ice vortices 15 black lights 16 vampire bats 8 forest centaurs 8 gnome rulers 10 orc mummies 6 dwarf mummies 12 ogres 9 brown puddings 14 rust monsters 13 owlbears 11 yetis 4 gold golems 7 werewolves 17 Green-elves 9 giant eels 22 lizards a warrior 20 chickatrices 13 dingoes 7 dogs 4 housecats 14 jaguars 4 dwarf leaders 9 blue jellies 9 white unicorns 2 gray unicorns 6 black unicorns 4 dust vortices 10 ravens 7 plains centaurs 7 gnome mummies 18 snakes 5 water moccasins 20 apes 24 human zombies 7 rope golems 14 Woodland-elves 34 soldier ants 164 fire ants 30 bugbears 4 imps 3 lemures 9 quasits 9 wood nymphs 13 water nymphs 9 mountain nymphs 47 Mordor orcs 37 Uruk-hai 5 orc shamans 17 rock piercers 6 rock moles 10 ponies 8 fog clouds 14 yellow lights 2 shriekers 17 violet fungi 17 gnome leaders 13 gnomish wizards a Kop Lieutenant 3 kobold mummies 7 gray oozes 5 barrow wights 20 elf zombies 11 ghouls 6 straw golems 9 paper golems 4 jellyfish 32 giant ants 4 little dogs 15 floating eyes 8 kittens 29 dwarves 6 homunculi 6 kobold leaders 4 kobold shamans 72 hill orcs 27 rothes 5 rabid rats a centipede 10 giant bats 8 monkeys 22 orc zombies 20 dwarf zombies 3 wererats 3 werejackals 19 iguanas 120 killer bees 8 acid blobs 6 coyotes 2 gas spores 17 hobbits 23 manes 4 large kobolds 35 hobgoblins 8 giant rats 34 cave spiders a brown mold 6 yellow molds 3 green molds 4 red molds 57 gnomes 9 garter snakes 9 gnome zombies 24 geckos 11 jackals 3 foxes 5 kobolds 5 goblins 7 sewer rats 14 grid bugs 7 bats 11 lichens 12 kobold zombies 14 newts 3075 creatures vanquished. Genocided or extinct species: killer bees (extinct) fire ants (extinct) lurkers above trappers baby long worms baby purple worms long worms purple worms erinyes (extinct) 6 species genocided. 3 species extinct. Voluntary challenges: You read items or engraved 64 times. You never engraved Elbereth. You genocided 6 types of monsters. You never polymorphed an object. You never changed form. You used 3 wishes. You did not wish for any artifacts. You did not violate any of the special Sokoban rules. Achievements: You attained the rank of Skirmisher. You entered the Gnomish Mines. You attained the rank of Fighter. You entered Minetown. You entered a shop. You entered a temple. You entered Sokoban. You attained the rank of Woman-at-arms. You completed Sokoban. You completed the Gnomish Mines. You defeated Medusa. You attained the rank of Warrior. You had the Bell of Opening. You learned the tune to open and close the Castle's drawbridge. You entered Gehennom. You attained the rank of Swashbuckler. You had the Candelabrum of Invocation. The Dungeons of Doom: levels 1 to 27 Level 1: <- You left from here. Level 2: Stairs down to The Gnomish Mines. Level 3: An altar to Odin. Level 4: Level 5: Level 6: An altar to Odin. Level 7: Level 8: Oracle of Delphi. Level 9: Stairs up to Sokoban, level 8. Level 10: Level 11: Level 12: A temple to Odin. Level 13: Level 14: Level 15: Portal to The Quest. Level 16: A fountain. Level 17: A primitive area. Level 18: Level 19: Level 20: Some fountains. Level 21: Level 22: A sink. Level 23: A temple to Odin, a fountain. Level 24: Level 25: Level 26: Level 27: A fountain. The castle (play notes "CGACD" to open or close drawbridge). Connection to Gehennom. Gehennom: levels 28 to 46 Level 28: A temple, many graves. Valley of the Dead. Level 29: Level 30: Level 31: A fountain. Level 32: Level 33: Level 34: Level 35: Level 36: Stairs up to Vlad's Tower, level 35. Level 37: Level 38: "Wizard of Yendor level" Level 39: Level 40: Level 41: Some shops, an altar. Level 42: Level 43: Level 44: Level 45: Level 46: Gateway to Moloch's Sanctum. The Gnomish Mines: levels 3 to 10 Level 3: Level 4: Level 5: Level 6: Many shops, a temple to Odin, some fountains. Final resting place for dpmdpm-Pri-Hum-Fem-Neu, killed by a giant ant. Level 7: Level 8: Level 9: Final resting place for WizzyTheWeird-Wiz-Hum-Mal-Neu, killed by an ape. Level 10: The Quest: levels 1 to 6 Level 1: A fountain. Completed quest for the Norn. Level 2: Level 3: Level 4: Level 5: Level 6: Sokoban: levels 8 up to 5 Level 5: Solved. Level 6: Solved. Level 7: Solved. Level 8: Solved. Vlad's Tower: levels 35 up to 33 Level 33: Level 34: Level 35: Farvel HarmathZsolt the Valkyrie... You escaped from the dungeon with 1822467 points, Vorpal Blade (worth 4000 zorkmids and 10000 points) Werebane (worth 1500 zorkmids and 3750 points) The Orb of Fate (worth 3500 zorkmids and 8750 points) The Candelabrum of Invocation (worth 5000 zorkmids and 12500 points) The Bell of Opening (worth 5000 zorkmids and 12500 points) Sunsword (worth 1500 zorkmids and 3750 points) Mjollnir (worth 4000 zorkmids and 10000 points) Fire Brand (worth 3000 zorkmids and 7500 points) Demonbane (worth 2500 zorkmids and 6250 points) Cleaver (worth 1500 zorkmids and 3750 points) Sting (worth 800 zorkmids and 2000 points) 27 emeralds (worth 67500 zorkmids), 19 dilithium crystals (worth 85500 zorkmids), 18 opals (worth 14400 zorkmids), 15 black opals (worth 37500 zorkmids), 14 rubies (worth 49000 zorkmids), 14 agate stones (worth 2800 zorkmids), 12 garnet stones (worth 8400 zorkmids), 11 obsidian stones (worth 2200 zorkmids), 10 sapphires (worth 30000 zorkmids), 10 aquamarine stones (worth 15000 zorkmids), 10 amber stones (worth 10000 zorkmids), 9 chrysoberyl stones (worth 6300 zorkmids), 8 jacinth stones (worth 26000 zorkmids), 8 citrine stones (worth 12000 zorkmids), 7 turquoise stones (worth 14000 zorkmids), 7 jade stones (worth 2100 zorkmids), 6 diamonds (worth 24000 zorkmids), 5 jet stones (worth 4250 zorkmids), 5 fluorite stones (worth 2000 zorkmids), 4 topaz stones (worth 3600 zorkmids), 3 amethyst stones (worth 1800 zorkmids), 1 jasper stone (worth 500 zorkmids), 2 amulets of life saving (worth 300 zorkmids), 1 amulet of flying (worth 150 zorkmids), and 1043 pieces of gold, after 98359 moves. You were level 20 with a maximum of 180 hit points when you escaped.